 Dungeon Crawl Stone Soup version 0.27.1-34-g3ba077fa99 (webtiles) character file.

Game seed: 5718717415418787687

3599 pkoi the Grappler (level 9, -1/75 HPs)
             Began as a Green Draconian Monk on Jan 7, 2022.
             Was a Priest of Dithmenos.
             Slain by a boulder beetle (20 damage)
             ... on level 7 of the Dungeon.
             The game lasted 00:13:50 (11353 turns).

pkoi the Grappler (Green Draconian Monk)           Turns: 11353, Time: 00:13:52

Health: -1/75      AC: 11    Str: 15    XL:     9   Next: 85%
Magic:  9/9        EV: 12    Int: 19    God:    Dithmenos [***...]
Gold:   312        SH:  5    Dex: 13    Spells: 8/8 levels left

rFire    + + .     SeeInvis .   b - +3 short sword (venom)
rCold    . . .     Faith    .   (no shield)
rNeg     . . .     Spirit   .   (armour unavailable)
rPois    +         Reflect  +   (helmet restricted)
rElec    .         Harm     .   u - +0 cloak
rCorr    .         Rampage  .   i - +0 pair of gloves
Will     .....                  n - +1 pair of boots
Stlth    ++........             p - amulet "Muoc" {Reflect rF+ SH+5}
HPRegen  0.22/turn              d - ring of protection from fire
MPRegen  0.11/turn              l - +6 ring of intelligence

@: wreathed by umbra
A: breathe noxious fumes, AC +7, unfitting armour, poison resistance,
cold-blooded
a: Breathe Noxious Fumes, Renounce Religion, Shadow Step


You were on level 7 of the Dungeon.
You worshipped Dithmenos.
Dithmenos was most pleased with you.
You visited 1 branch of the dungeon, and saw 7 of its levels.

You collected 312 gold pieces.

Inventory:

Hand Weapons
 b - a +3 short sword of venom (weapon)
 e - a +0 dagger
 g - a +0 rapier
 h - a +0 whip of venom
Missiles
 o - 2 throwing nets (quivered)
Armour
 i - a +0 pair of gloves (worn)
 n - a +1 pair of boots (worn)
 u - a +0 cloak (worn)
Jewellery
 d - a ring of protection from fire (left hand)
 j - an amulet of faith
 l - a +6 ring of intelligence (right hand)
 p - the amulet "Muoc" (around neck) {Reflect rF+ SH+5}
   (You acquired it on level 6 of the Dungeon)

   [amulet of reflection]

   It reflects blocked missile attacks.
   rF:        It protects you from fire.
   SH:        It affects your SH (+5).
Wands
 f - a wand of iceblast (6)
Scrolls
 c - a scroll of enchant armour
 k - 3 scrolls of identify
 m - a scroll of fear
 q - a scroll of enchant weapon
 s - a scroll of amnesia {unknown}
 t - 2 scrolls of silence {unknown}
Potions
 a - 2 potions of might
 r - 2 potions of lignification {unknown}
 v - 2 potions of flight {unknown}


   Skills:
 - Level 6.0 Fighting
 - Level 3.0 Dodging
 - Level 1.7 Stealth
 + Level 12.9 Unarmed Combat
 - Level 3.0 Evocations


You had 8 spell levels left.
You didn't know any spells.
Your spell library contained the following spells:

 Spells                   Type           Power      Damage    Failure   Level
 Ensorcelled Hibernation  Hex/Ice        0%         N/A       30%         2
 Sublimation of Blood     Necr           0%         N/A       30%         2
 Wereblood                Tmut           0%         N/A       30%         2
 Call Canine Familiar     Summ           0%         N/A       52%         3
 Gell's Gravitas          Tloc           0%         N/A       52%         3
 Portal Projectile        Hex/Tloc       0%         N/A       52%         3
 Spider Form              Tmut/Pois      0%         N/A       52%         3
 Teleport Other           Tloc           0%         N/A       52%         3
 Leda's Liquefaction      Hex/Erth       0%         N/A       90%         4
 Dispersal                Tloc           0%         N/A       100%        6
 Shadow Creatures         Summ           N/A        N/A       100%        6
 Summon Hydra             Summ           0%         N/A       100%        7


Dungeon Overview and Level Annotations

Branches:
Dungeon (7/15)
 Temple: D:4-7

Altars:
Ashenzari
Cheibriados
Dithmenos
Gozag
Hepliaklqana
Kikubaaqudgha
Nemelex Xobeh
Qazlal
Sif Muna
Trog
Vehumet
Wu Jian


Innate Abilities, Weirdness & Mutations

You can breathe blasts of noxious fumes.
Your lurid green scales are hard. (AC +7)
You cannot fit into any form of body armour.
Your system is resistant to poisons. (rPois)
You are cold-blooded and may be slowed by cold attacks.


Message History

No target in view!
No target in view!
No target in view!
No target in view!
v - 2 smoky puce potions A boulder beetle comes into view.
Found a hazy altar of Hepliaklqana.
A boulder beetle is nearby!
A boulder beetle is nearby!
The boulder beetle curls into a ball and begins rolling!
Your +3 short sword of venom begins to drip with poison!
b - a +3 short sword of venom (weapon)
You start waiting.
A boulder beetle is nearby!
You hit the boulder beetle.
The boulder beetle is lightly wounded.
The boulder beetle hits you!!
The boulder beetle stops rolling and uncurls.
You hit the boulder beetle.
You tail-slap the boulder beetle, but do no damage.
The boulder beetle is lightly wounded.
The boulder beetle bites you.
You hit the boulder beetle but do no damage.
You tail-slap the boulder beetle.
The boulder beetle is lightly wounded.
The boulder beetle bites you!
* * * LOW HITPOINT WARNING * * *
You hit the boulder beetle but do no damage.
The boulder beetle is poisoned.
You tail-slap the boulder beetle, but do no damage.
The boulder beetle is lightly wounded.
The boulder beetle bites you!
* * * LOW HITPOINT WARNING * * *
You completely miss the boulder beetle.
You tail-slap the boulder beetle, but do no damage.
The boulder beetle is lightly wounded.
The boulder beetle bites you.
* * * LOW HITPOINT WARNING * * *
The boulder beetle bites you!!
You die...

####............
.#P.. ####...######
.#.§ . #...# §P.§..#
##### #...#
§§§§B#.####...###...#
.§..P.......#....(..#
..P.P.###.......#.#
#...#...........#
#○#@####.######
#.B...##.# #.###.##.#
...# ..... ..##.#
##.. #.. #.. .... ..
#.# . # #.# ..


You could see a boulder beetle (very poisoned).

Vanquished Creatures
  Grinder (D:6)
  6 yaks (D:5)
  Menkaure (D:5)
  Duvessa (D:6)
  A black bear (D:5)
  An orc warrior (D:6)
  An ice beast (D:5)
  A necrophage (D:7)
  5 ogres
  2 centaurs (D:4)
  A phantom (D:6)
  A wyvern zombie (D:6)
  Blork the orc (D:4)
  2 gnoll sergeants (D:6)
  2 scorpions
  Dowan (D:6)
  2 water moccasin skeletons
  3 killer bees (D:6)
  A howler monkey (D:4)
  An orc priest (D:3)
  2 hounds
  2 centaur zombies
  4 jellies
  Crazy Yiuf (D:6)
  3 gnoll shamans
  An iguana (D:6)
  Terence (D:3)
  An orc wizard (D:4)
  Natasha (thrice) (D:4)
  2 hound skeletons (D:4)
  23 gnolls
  7 adders
  7 worms
  A dart slug (D:1)
  15 orcs
  2 endoplasms
  3 giant cockroaches
  7 hobgoblins
  A quokka (D:3)
  7 ball pythons
  4 bats
  8 frilled lizards
  3 goblins
  6 kobolds
  A quokka skeleton (D:4)
  5 rats
155 creatures vanquished.

Vanquished Creatures (others)
  10 plants (D:2)
10 creatures vanquished.

Grand Total: 165 creatures vanquished

Notes
Turn   | Place    | Note
-------+----------+-------------------------------------------
     0 | D:1      | pkoi the Draconian Monk began the quest for the Orb.
     0 | D:1      | Reached XP level 1. HP: 19/19 MP: 1/1
   288 | D:1      | Reached XP level 2. HP: 16/26 MP: 2/2
   649 | D:1      | Found a faded altar of an unknown god.
  1033 | D:2      | Reached skill level 4 in Unarmed Combat
  1249 | D:2      | Reached XP level 3. HP: 11/31 MP: 3/3
  2294 | D:3      | Noticed Terence
  2587 | D:3      | Reached XP level 4. HP: 35/40 MP: 4/4
  3336 | D:3      | Found a shimmering blue altar of Sif Muna.
  3337 | D:3      | Found an ancient bone altar of Kikubaaqudgha.
  3340 | D:3      | Found a bloodstained altar of Trog.
  3342 | D:3      | Found a shadowy altar of Dithmenos.
  3342 | D:3      | Found a radiant altar of Vehumet.
  3342 | D:3      | Found an opulent altar of Gozag.
  3343 | D:3      | Found a snail-covered altar of Cheibriados.
  3344 | D:3      | Found an ornate altar of the Wu Jian Council.
  3345 | D:3      | Found a sparkling altar of Nemelex Xobeh.
  3346 | D:3      | Found a stormy altar of Qazlal.
  3347 | D:3      | Found a broken altar of Ashenzari.
  3356 | D:3      | Became a worshipper of Dithmenos the Shadowed
  3356 | D:3      | Reached * piety under Dithmenos
  3356 | D:3      | Reached ** piety under Dithmenos
  3437 | D:3      | Killed Terence
  3438 | D:3      | Reached skill level 5 in Unarmed Combat
  3438 | D:3      | Reached XP level 5. HP: 30/47 MP: 5/5
  3674 | D:3      | Reached skill level 1 in Evocations
  4462 | D:4      | Reached XP level 6. HP: 31/53 MP: 6/6
  4598 | D:4      | Noticed Blork the orc
  4614 | D:4      | Killed Blork the orc
  4621 | D:4      | Reached skill level 6 in Unarmed Combat
  5135 | D:4      | Your scales start taking on a lurid green colour.
  5135 | D:4      | Reached XP level 7. HP: 30/60 MP: 7/7
  5135 | D:4      | Gained mutation: Your system is resistant to poisons.
                  | (rPois) [Green Draconian growth]
  5373 | D:4      | Noticed Natasha
  5379 | D:4      | Killed Natasha
  5406 | D:4      | Reached skill level 7 in Unarmed Combat
  5785 | D:4      | Noticed Natasha
  5820 | D:4      | Reached skill level 8 in Unarmed Combat
  5823 | D:4      | Killed Natasha
  6271 | D:4      | Noticed Natasha
  6286 | D:4      | Killed Natasha
  6813 | D:5      | Entered Level 5 of the Dungeon
  6840 | D:5      | Reached skill level 9 in Unarmed Combat
  6840 | D:5      | Reached XP level 8. HP: 35/67 MP: 8/8
  7178 | D:5      | Reached skill level 5 in Fighting
  7189 | D:5      | Reached *** piety under Dithmenos
  7214 | D:5      | Reached skill level 10 in Unarmed Combat
  7737 | D:4      | Reached XP level 9. HP: 21/75 MP: 9/9
  8038 | D:5      | Noticed Menkaure
  8050 | D:5      | Killed Menkaure
  8456 | D:5      | Reached skill level 11 in Unarmed Combat
  9695 | D:6      | Noticed Grinder
  9697 | D:6      | Paralysed by Grinder for 4 turns
  9714 | D:6      | Killed Grinder
  9715 | D:6      | Reached skill level 12 in Unarmed Combat
 10229 | D:6      | Noticed Dowan
 10232 | D:6      | Noticed Duvessa
 10255 | D:6      | Killed Duvessa
 10257 | D:6      | Killed Dowan
 11171 | D:6      | Found a runed translucent door.
 11172 | D:6      | Noticed Crazy Yiuf
 11180 | D:6      | Killed Crazy Yiuf
 11188 | D:6      | Identified a scroll of acquirement
 11188 | D:6      | Acquired the amulet "Muoc" {Reflect rF+ SH+5}
 11343 | D:7      | Found a hazy altar of Hepliaklqana.
 11343 | D:7      | Noticed a boulder beetle
 11353 | D:7      | Slain by a boulder beetle

Illustrated notes

Levels and vault maps discovered:
D:1:      ebering_hopf_link, layout_rooms, chequers_ecumenical_altar_twisty,
          kennysheep_nondescript, chequers_decorated_corner, st_stairs_8,
          minivault_19, minmay_heptomino_l4
D:2:      layout_rooms, serial_park_tiny_2, minmay_misc_feat_hallway,
          minmay_lizard_king
D:3:      layout_loops_cross, minitemple, uniq_terence
D:4:      layout_basic, uniq_natasha, uniq_blork_the_orc
D:5:      layout_rooms, uniq_menkaure
D:6:      layout_layer_cave, uniq_grinder, uniq_duvessa, uniq_crazy_yiuf_cottage
D:7:      layout_loops_ring, nicolae_hepliaklqana_hazy_memory,
          minmay_temple_entry_poolview

Skill      XL: |  1  2  3  4  5  6  7  8  9 |
---------------+----------------------------+-----
Unarmed Combat | 4 5 6 9 10 12 | 12.9
Fighting       | 4 6 |  6.0
Evocations     | 2 3 |  3.0
Dodging        | 3 |  3.0
Stealth        | |  1.7

Action                   |  1- 3 |  4- 6 |  7- 9 || total
-------------------------+-------+-------+-------++-------
Melee: Unarmed           |   163 |    49 |   159 ||   371
       Tailslap          |    16 |    20 |    49 ||    85
       Whip              |       |    22 |       ||    22
       Short sword       |       |    65 |   158 ||   223
       Punch             |       |     2 |    13 ||    15
 Abil: Breathe Noxious F |       |       |    12 ||    12
Evoke: Wand              |       |     6 |       ||     6
  Use: Scroll            |     1 |     5 |     2 ||     8
       Potion            |       |       |     1 ||     1
 Stab: Sleeping          |     2 |     2 |     6 ||    10
       Distracted        |       |     1 |       ||     1
       Confused          |       |       |     5 ||     5
Armor: Skin              |    65 |    48 |    92 ||   205
Dodge: Dodged            |   124 |    92 |   215 ||   431
Block: Other             |       |       |     3 ||     3
